 Dungeon Sprint DCSS version 0.30-a0-802-gb92711bcdf (webtiles) character file.

Game seed: 17196671303847077870

900000 BigDaddyOpFi the Spry (level 13, -13/106 HPs)
             Began as a Djinni Warper on Feb 23, 2023.
             Was a Believer of Makhleb.
             Mangled by a meat berserker
             ... wielding a +9 battleaxe
              (31 damage)
             ... in the Dungeon (Sprint VIII: "Arena of Blood").
             The game lasted 00:00:13 (9 turns).

BigDaddyOpFi the Spry (Djinni Warper)                  Turns: 9, Time: 00:00:13

Health: -13/106    AC:  4    Str: 10    XL:     13   Next: 64%
Gold:   0          EV: 21    Int: 16    God:    Makhleb [**....] SH:  0 Dex: 17

rFire   + + .      SeeInvis .    h - +∞ Axe of Woe
rCold   x . .      Faith    .    (shield currently unavailable)
rNeg    . . .      Spirit   .    a - +0 leather armour
rPois   ∞          Reflect  .    (no helmet)
rElec   .          Harm     .    (no cloak)
rCorr   .          Rampage  .    (no gloves)
Will    +....      NoTele   +    (boots unavailable)
Stlth   +                        (no amulet)
HPRegen 0.37/turn                (no ring)
MPRegen 0.00/turn                (no ring)

@: flying
A: sickness immunity, fire resistance 2, cold vulnerability 1, float, innate
caster, HP casting, extra vitality 1
a: Renounce Religion, Minor Destruction


You were in the Dungeon.
You worshipped Makhleb.
Makhleb was pleased with you.
You visited 1 branch

Inventory:

Hand Weapons
 h - the +∞ Axe of Woe (weapon)
   (You found it in the Dungeon)
Missiles
 c - 7 boomerangs of dispersal (quivered)
Armour
 a - a +0 leather armour (worn)
Scrolls
 b - 2 scrolls of blinking
Potions
 d - a potion of curing
 e - a potion of heal wounds
 f - a potion of haste
 g - a potion of berserk rage


   Skills:
 + Level 14.6 Fighting
 + Level 12.5 Throwing
 + Level 14.5 Armour
 + Level 16.0 Dodging
 + Level 14.6 Unarmed Combat
 + Level 11.6 Spellcasting


You knew the following spells:

 Your Spells              Type           Power      Damage    Failure   Level
a - Blink                 Tloc           92%        N/A       1%          2
b - Lesser Beckoning      Tloc           92%        N/A       1%          2
c - Vhi's Electric Charg  Tloc/Air       92%        N/A       1%          3
d - Teleport Other        Tloc           46%        N/A       1%          3
e - Manifold Assault      Tloc           46%        N/A       1%          4
f - Beastly Appendage     Tmut           92%        N/A       1%          1
g - Passwall              Tmut/Erth      38%        N/A       1%          2
h - Frozen Ramparts       Ice            92%        1d14      1%          3
i - Portal Projectile     Hex/Tloc       92%        N/A       1%          3
j - Dispel Undead         Necr           46%        3d18      1%          4
k - Arcjolt               Conj/Air       23%        1d33      2%          5
Your spell library was empty.

Dungeon Overview and Level Annotations

Branches:
Dungeon (1/1)

Altars:
Makhleb


Innate Abilities, Weirdness & Mutations

You are immune to sickness and miasma.
You are immune to poison.
Your flesh is very heat resistant. (rF++)
You are vulnerable to cold. (rC-)
You float through the air rather than walking.
You learn spells naturally, not from books.
Your magical power is your life essence.
You have superior vitality. (+4 MHP)


Message History

You have reached level 12!
You feel clever.
You slice the bag of meat!!
You cleave the bag of meat in twain.
You kill the bag of meat!
Makhleb accepts your kill.
You can now gain health from killing.
You hit the bag of meat but do no damage.
You pulverise the bag of meat into a thin bloody mist.
You kill the bag of meat!
Makhleb accepts your kill.
You hear a shout! x9
The meat berserker rages.
You hear a shout! x3
The bag of meat hits you with a +9 war axe!!!
You hear a shout! x2
Your Fighting skill gained 2 levels and is now at level 14!
Your Throwing skill gained 2 levels and is now at level 12!
Your Armour skill gained 2 levels and is now at level 14!
Your Dodging skill gained 3 levels and is now at level 16!
Your Unarmed Combat skill gained 2 levels and is now at level 14!
Your Spellcasting skill increases to level 11!
You have reached level 13!
The power to cast Arcjolt wells up from within.
Spell assigned to 'k'.
You slash the bag of meat!
You slaughter the bag of meat joyfully.
You kill the bag of meat!
Makhleb accepts your kill.
You hit the meat berserker.
You fatally mangle the meat berserker.
You kill the meat berserker!
Makhleb accepts your kill.
You can now harness Makhleb's destructive might.
The bag of meat appears out of thin air!
A bag of meat comes into view. It is wielding a +9 war axe.
The bag of meat appears out of thin air!
A bag of meat comes into view. It is wielding a +9 war axe.
The bag of meat shouts!
You hear a shout! x4
The meat berserker hits you with a +9 battleaxe!!
* * * LOW HITPOINT WARNING * * *
You hear a shout! x9
The meat berserker hits you with a +9 battleaxe!!
You die...

.. ..... #.
...# #.. ...# .
.###.. ...###..
......###......
......o.....
#...oo# #_.<)@#
#....O#
......_.....
......###......
.###.. ...###..
#.. ...# . #.
...# .. .....


You could see a meat berserker (berserk) and 3 bags of meat.

Vanquished Creatures
  An ogre (D)
  5 orcs (D)
6 creatures vanquished.

Notes
Turn   | Place    | Note
-------+----------+-------------------------------------------
     0 | D        | Found the +∞ Axe of Woe
     0 | D        | BigDaddyOpFi the Djinni Warper began the quest for the Orb.
     0 | D        | BigDaddyOpFi set off with the following spells memorised:
                  | Blink, Lesser Beckoning, Vhi's Electric Charge, Teleport
                  | Other, Manifold Assault.
     0 | D        | Reached XP level 1. HP: 18/18 MP: 0/0
     1 | D        | Noticed a bag of meat
     2 | D        | Noticed a bag of meat
     2 | D        | Noticed a bag of meat
     3 | D        | Noticed a bag of meat
     4 | D        | Killed a bag of meat
     4 | D        | Noticed a bag of meat
     5 | D        | Reached skill level 10 in Armour
     5 | D        | Reached skill level 12 in Dodging
     5 | D        | Reached XP level 2. HP: 37/37 MP: 0/0
     5 | D        | Reached XP level 3. HP: 42/42 MP: 0/0
     5 | D        | Learned a level 1 spell: Beastly Appendage
     5 | D        | Reached XP level 4. HP: 49/49 MP: 0/0
     5 | D        | Reached XP level 5. HP: 53/53 MP: 0/0
     5 | D        | Learned a level 2 spell: Passwall
     5 | D        | Reached XP level 6. HP: 59/59 MP: 0/0
     5 | D        | Reached XP level 7. HP: 65/65 MP: 0/0
     5 | D        | Learned a level 3 spell: Frozen Ramparts
     5 | D        | Reached XP level 8. HP: 71/71 MP: 0/0
     5 | D        | Reached XP level 9. HP: 76/76 MP: 0/0
     5 | D        | Learned a level 3 spell: Portal Projectile
     5 | D        | Reached XP level 10. HP: 82/82 MP: 0/0
     5 | D        | Reached XP level 11. HP: 87/87 MP: 0/0
     5 | D        | Learned a level 4 spell: Dispel Undead
     5 | D        | Became a worshipper of Makhleb the Destroyer
     5 | D        | Noticed a bag of meat
     6 | D        | Noticed a meat berserker
     7 | D        | Killed a bag of meat
     7 | D        | Noticed a meat berserker
     8 | D        | Reached skill level 10 in Throwing
     8 | D        | Reached skill level 13 in Dodging
     8 | D        | Reached skill level 10 in Spellcasting
     8 | D        | Reached XP level 12. HP: 84/96 MP: 0/0
     8 | D        | Killed a bag of meat
     8 | D        | Reached * piety under Makhleb
     8 | D        | Killed a bag of meat
     9 | D        | Reached skill level 16 in Dodging
     9 | D        | Reached XP level 13. HP: 49/106 MP: 0/0
     9 | D        | Learned a level 5 spell: Arcjolt
     9 | D        | Killed a bag of meat
     9 | D        | Killed a meat berserker
     9 | D        | Reached ** piety under Makhleb
     9 | D        | Noticed a bag of meat
     9 | D        | Mangled by a meat berserker

Illustrated notes

Levels and vault maps discovered:
D:        meatsprint

Skill      XL: |  1  2  3  4  5  6  7  8  9 10 11 12 |
---------------+-------------------------------------+-----
Fighting       | 11 12 14 | 14.6
Throwing       | 9 10 12 | 12.5
Armour         | 10 12 14 | 14.5
Dodging        | 12 13 16 | 16.0
Unarmed Combat | 11 12 14 | 14.6
Spellcasting   | 8 10 11 | 11.6

Action                     |  1- 3 |  4- 6 |  7- 9 | 10-12 | 13-15 || total
---------------------------+-------+-------+-------+-------+-------++-------
  Melee: Executioner's axe |     1 |       |       |     2 |     1 ||     4

Table legend: (Time is in decaauts)
 A = Elapsed time spent in this place.
 B = Non-inter-level travel time spent in this place.
 C = Inter-level travel time spent in this place.
 D = Time resting spent in this place.
 E = Time spent auto-exploring this place.
 F = Levels seen in this place.
 G = Mean time per level.
                   A        B        C        D        E       F      G
               +--------+--------+--------+--------+--------+-----+--------+
         Total |     11 |     11 |      0 |      0 |      0 |   1 |   11.0 |
       Dungeon |     11 |     11 |      0 |      0 |      0 |   1 |   11.0 |
               +--------+--------+--------+--------+--------+-----+--------+

Top non-repeatable levels by time:
       D: 11 daAuts
